 Dungeon Crawl Stone Soup version 0.29.1-15-g9cfb28693d (webtiles) character file.

Game seed: 17699832802301904304

461 Calibrex the Ruffian (level 6, -4/61 HPs)
             Began as a Troll Fighter on Mar 30, 2023.
             Slain by a gnoll
             ... wielding a +0 halberd
             ... led by a gnoll bouda
              (8 damage)
             ... on level 4 of the Dungeon.
             The game lasted 00:06:41 (2118 turns).

Calibrex the Ruffian (Troll Fighter)                Turns: 2118, Time: 00:06:42

Health: -4/61      AC:  4    Str: 25    XL:     6   Next: 79%
Magic:  5/5        EV:  4    Int:  6    God:
Gold:   116        SH:  0    Dex:  9    Spells: 5/5 levels left

rFire   . . .      SeeInvis .     - Unarmed
rCold   . . .      Faith    .   b - +0 kite shield
rNeg    . . .      Spirit   .   a - +0 robe
rPois   .          Reflect  .   (helmet restricted)
rElec   .          Harm     +   u - scarf {harm}
rCorr   .          Rampage  .   (gloves unavailable)
Will    .....                   (boots unavailable)
Stlth   +.........              (no amulet)
HPRegen 1.00/turn               (no ring)
MPRegen 0.09/turn               (no ring)

@: held
A: large, unfitting armour, claws 3, regeneration 1, shaggy fur 1, tough skin 1
a: no special abilities


You were on level 4 of the Dungeon.
You visited 1 branch of the dungeon, and saw 4 of its levels.

You collected 182 gold pieces.
You spent 66 gold pieces at shops.

Inventory:

Armour
 a - a +0 robe (worn)
 b - a +0 kite shield (worn)
 m - a +0 cloak
 u - a scarf of harm (worn)
Jewellery
 t - an amulet of faith
Scrolls
 e - a scroll of amnesia {unknown}
 i - a scroll of magic mapping {unknown}
 l - 2 scrolls of blinking {unknown}
 p - a scroll of vulnerability {unknown}
 r - a scroll of fear {unknown}
Potions
 c - a potion of might
 d - a potion of berserk rage
 g - a potion of curing {unknown}
 h - a potion of magic
 j - a potion of haste
 k - a potion of mutation {unknown}
 n - a potion of heal wounds {unknown}
 s - a potion of invisibility {unknown}


   Skills:
 + Level 3.1 Fighting
 - Level 2.4 Dodging
 + Level 0.6 Stealth
 + Level 3.9 Shields
 * Level 6.0 Unarmed Combat


You had 5 spell levels left.
You didn't know any spells.
Your spell library contained the following spells:

 Spells                   Type           Power      Damage    Failure   Level
 Dazzling Flash           Conj/Hex       0%         N/A       98%         3
 Ignite Poison            Fire/Tmut/Pois 0%         N/A       98%         3
 Mephitic Cloud           Conj/Pois/Air  0%         N/A       98%         3
 Animate Dead             Necr           0%         N/A       100%        4
 Iskenderun's Mystic Bla  Conj/Tloc      0%         2d3       100%        4
 Agony                    Necr           0%         N/A       100%        5
 Freezing Cloud           Conj/Ice/Air   0%         6-21      100%        5
 Silence                  Hex/Air        0%         N/A       100%        5
 Starburst                Conj/Fire      0%         6d3       100%        6
 Haunt                    Necr/Summ      0%         N/A       100%        7
 Infestation              Necr           0%         N/A       100%        8


Dungeon Overview and Level Annotations

Branches:
Dungeon (4/15)
 Temple: D:4-7

Altars:

Shops:
D:1 [   D:2 ?


Innate Abilities, Weirdness & Mutations

You are too large for most types of armour.
You have claws for hands.
Your natural rate of healing is unusually fast.
You are covered in fur. (AC +1)
You have tough skin. (AC +1)


Message History

You hear a shout!
A gnoll comes into view. It is wielding a +0 club.
You block the gnoll bouda's attack.
The gnoll moves out of view.
You barely miss the gnoll bouda.
The gnoll bouda is moderately wounded.
A gnoll comes into view. It is wielding a +0 spear.
The gnoll hits you but does no damage.
The gnoll bouda barks out a call to the hunt!
You mangle the gnoll bouda!!
You kill the gnoll bouda!
You block the gnoll's attack.
The gnoll hits you from afar with a +0 spear.
A gnoll comes into view. It is wielding a +0 halberd.
The gnoll shouts!
The gnoll hits you from afar with a +0 spear.
You block the gnoll's attack.
Things that are here:
a +0 club; a +0 leather armour You claw the gnoll!
You kill the gnoll!
The gnoll hits you with a +0 spear. You block the gnoll's attack.
The gnoll hits you from afar with a +0 halberd!
The gnoll hits you but does no damage.
Your Unarmed Combat skill increases to level 6!
You claw the gnoll!
You kill the gnoll!
The gnoll throws a throwing net.
The throwing net hits you.
You become entangled in the net!
The gnoll hits you from afar with a +0 spear.
You are held in a net!
You are held in a net!
You struggle against the net.
The gnoll hits you with a +0 club!
The gnoll hits you from afar with a +0 halberd!
* * * LOW HITPOINT WARNING * * *
The gnoll hits you from afar with a +0 spear.
* * * LOW HITPOINT WARNING * * *
You struggle against the net.
The gnoll hits you with a +0 club.
* * * LOW HITPOINT WARNING * * *
The gnoll hits you from afar with a +0 halberd!
You die...

##.. ..# ##...##
... .....##..
#....... #......
#..gg #.).# ##
####.g@## #
...........### .#
.....>###....##..#
#...# #........#
##
#....####.........
##.
#.......#.!†......
#..## #.#
#.....######..
#..# ##.# ###...#
. ##.###..# ##...#


You could see 3 gnolls.

Vanquished Creatures
  Grinder (D:3)
  A necrophage (D:4)
  An orc priest (D:4)
  A gnoll bouda (D:4)
  Terence (D:2)
  2 gnolls (D:4)
  4 adders
  2 worms (D:2)
  3 dart slugs
  2 orcs (D:4)
  9 bats
  7 endoplasms
  2 giant cockroaches
  3 goblins
  3 hobgoblins
  3 jackals (D:1)
  4 quokkas
  4 ball pythons
  4 frilled lizards
  5 kobolds
  5 rats
67 creatures vanquished.

Notes
Turn   | Place    | Note
-------+----------+-------------------------------------------
     0 | D:1      | Calibrex the Troll Fighter began the quest for the Orb.
     0 | D:1      | Reached XP level 1. HP: 22/22 MP: 0/0
   354 | D:1      | Reached XP level 2. HP: 29/29 MP: 1/1
   405 | D:1      | Found a faded altar of an unknown god.
   482 | D:1      | Found Qeffuos's Antique Armour Emporium.
   759 | D:2      | Noticed Terence
   768 | D:2      | Killed Terence
   769 | D:2      | Reached XP level 3. HP: 25/36 MP: 2/2
   859 | D:2      | Reached skill level 3 in Unarmed Combat
  1153 | D:2      | Found Idotobb's Magic Scroll Emporium.
  1156 | D:2      | Bought a scroll of identify for 22 gold pieces
  1156 | D:2      | Bought a scroll of identify for 22 gold pieces
  1156 | D:2      | Bought a scroll of identify for 22 gold pieces
  1239 | D:2      | Reached XP level 4. HP: 35/44 MP: 3/3
  1469 | D:3      | Noticed Grinder
  1474 | D:3      | Paralysed by Grinder for 5 turns
  1482 | D:3      | Killed Grinder
  1483 | D:3      | Reached skill level 5 in Unarmed Combat
  1483 | D:3      | Reached XP level 5. HP: 31/53 MP: 4/4
  1483 | D:3      | Reached XP level 6. HP: 36/61 MP: 5/5
  2116 | D:4      | Reached skill level 6 in Unarmed Combat
  2118 | D:4      | Slain by a gnoll

Illustrated notes

Levels and vault maps discovered:
D:1:      roderic_chinese_lattice_arrival, layout_rooms, serial_curves,
          eino_curves_02, eino_curves_03, serial_shops, shop,
          basic_ecumenical_altar, minmay_quantized
D:2:      layout_loops_ring, serial_shops, shop_fountains, uniq_terence
D:3:      layout_basic, uniq_grinder
D:4:      layout_layer_cave

Skill      XL: |  1  2  3  4  5  6 |
---------------+-------------------+-----
Shields        | 3 |  3.9
Unarmed Combat | 3 5 6 |  6.0
Fighting       | 3 |  3.1
Dodging        | |  2.4
Stealth        | |  0.6

Action                   |  1- 3 |  4- 6 || total
-------------------------+-------+-------++-------
Melee: Unarmed           |   104 |    95 ||   199
  Use: Scroll            |       |     7 ||     7
 Stab: Sleeping          |     1 |     1 ||     2
Armor: Robe              |    37 |    40 ||    77
Dodge: Dodged            |    36 |    44 ||    80
Block: Kite shield       |    41 |    44 ||    85
